 Dungeon Crawl Stone Soup version v1.3-6-gcec1249 (webtiles) character file.

16 CurrentUnit the Ducker (level 2, 20/23 HPs)
             Began as an Oni Archaeologist on Oct 19, 2018.
             Got out of the dungeon alive.
             The game lasted 00:01:52 (1069 turns).

CurrentUnit the Ducker (Oni Archaeologist)          Turns: 1069, Time: 00:01:53

Health: 20/23      AC:  8    Str: 14    XL:     2   Next: 58%
Magic:  5/5        EV: 12    Int: 15    God:
Gold:   39         SH:  0    Dex:  9    Spells: 2/2 levels left

rFire    . . .     SeeInvis .   (no weapon)
rCold    . . .     Gourm    .   (no shield)
rNeg     . . .     Faith    .   a - +1 animal skin
rPois    .         Spirit   .   b - +1 hat
rElec    .         Reflect  .   (no cloak)
rCorr    +         Harm     .   d - +1 pair of gloves
MR       .....                  c - +1 pair of boots
Stlth    ++........             (no amulet)
HPRegen  0.07/turn              i - ring of resist corrosion
MPRegen  0.09/turn              (no ring)

@: no status effects
A: oni magic, claws 1, fangs 1, horns 1
a: no special abilities


You escaped.
You were hungry.

You visited 1 branch of the dungeon, and saw 2 of its levels.

You collected 39 gold pieces.

Inventory:

Armour
 a - a +1 animal skin (worn)
 b - a +1 hat (worn)
 c - a +1 pair of boots (worn)
 d - a +1 pair of gloves (worn)
Jewellery
 i - a ring of resist corrosion (left hand)
Scrolls
 h - a scroll of amnesia {unknown}
 l - a scroll of blinking {unknown}
Potions
 j - a potion of curing {unknown}
 k - a potion of mutation {unknown}
Miscellaneous
 e - a dusty tome
 f - an ancient crate
Comestibles
 g - 4 rations


   Skills:
 - Level 1.0 Fighting
 + Level 3.0 Dodging
 - Level 2.5 Stealth
 + Level 0.8 Spellcasting


You had 2 spell levels left.
You didn't know any spells.
Your spell library contained the following spells:

 Spells                   Type           Power        Failure   Level  Hunger
 Summon Butterflies       Summ           #.......     17%         1    ##.....


Dungeon Overview and Level Annotations

Branches:
Dungeon (2/12)

Altars:

Annotations:
D:2 Robin


Innate Abilities, Weirdness & Mutations

You learn spells by gaining experience, not through books or religion.
You only train spellcasting to practice magic.
You have sharp fingernails.
You have very sharp teeth.
You have a pair of small horns on your head.


Message History

The goblin is heavily wounded.
The goblin hits you but does no damage.
You hit the goblin.
The goblin is severely wounded.
The goblin closely misses you.
You hit the goblin.
You kill the goblin!
You see here a goblin corpse.
You start resting.
You are feeling hungry.
(D) Dungeon
Where to? (Enter - D:2, ? - help)
What level of the Dungeon? (default 1, ? - help) Sorry, I don't know how to get there.
(D) Dungeon
Where to? (Enter - D:2, ? - help)
What level of the Dungeon? (default 1, ? - help)
There is a staircase leading out of the dungeon here.
Are you sure you want to leave the Dungeon?
This will make you lose the game!
You have escaped!

.....##...##≈≈≈.≈≈≈≈≈≈..## ###.##
...#....###≈≈≈≈≈.≈≈≈≈≈≈..###.#.#
.......###≈≈≈≈≈≈.≈≈≈≈≈≈≈.....#.#
.......##≈≈≈8≈≈.≈≈≈≈≈8≈≈≈.##...#
.......##≈≈≈≈≈.≈≈≈≈≈≈≈≈≈≈......##
.......##≈≈≈≈≈.≈≈≈≈≈≈≈≈≈≈..#.#...
.##....##≈≈≈≈≈.≈≈≈≈≈≈≈≈≈≈.....>##
.##....##≈≈≈≈≈≈..>≈≈≈≈≈≈≈.#.####
.#####..#≈≈≈≈≈≈≈@..≈≈≈≈≈≈...#
.....##..≈≈≈≈≈≈≈≈≈≈.≈≈≈≈≈.###
.....##..≈≈≈≈≈≈≈≈≈≈.≈≈≈≈≈.####
.....##..≈≈≈≈≈≈≈≈≈≈.≈≈≈≈≈....#
.....###.≈≈≈8≈≈≈≈≈.≈≈8≈≈≈.##.#
.....# #..≈≈≈≈≈≈≈.≈≈≈≈≈≈..##.####
###### ##..≈≈≈≈≈≈.≈≈≈≈≈..###....#
##..≈≈≈≈≈≈.≈≈≈..## ####.#
##......##....### #...#


There were no monsters in sight!

Vanquished Creatures
  A dart slug (D:1)
  A leopard gecko (D:1)
  2 goblins (D:1)
  3 hobgoblins (D:1)
  A kobold (D:1)
  3 frilled lizards (D:1)
  2 rats (D:1)
13 creatures vanquished.

Notes
Turn   | Place    | Note
-------+----------+-------------------------------------------
     0 | D:1      | CurrentUnit the Oni Archaeologist began the quest for the Orb.
     0 | D:1      | Reached XP level 1. HP: 16/16 MP: 3/3
   492 | D:1      | Reached XP level 2. HP: 20/23 MP: 4/4
   859 | D:2      | Noticed Robin
   868 | D:1      | Reached skill level 3 in Dodging
  1069 | D:$      | Got out of the dungeon alive.

Skill      XL: |  1  2 |
---------------+-------+-----
Dodging        | 3 |  3.0
Fighting       | |  1.0
Stealth        | |  2.5
Spellcasting   | |  0.8

Action                   || total
-------------------------++-------
Melee: Unarmed           ||    87
       Headbutt          ||     8
       Bite              ||     6
 Stab: Sleeping          ||     2
Armor: Animal skin       ||    44
Dodge: Dodged            ||    57
